 Dungeon Crawl Stone Soup version 0.18.1-6-gd335043 (webtiles) character file.

8703 Shtopit the Blocker (level 11, 0/68 HPs)
             Began as a Gargoyle Berserker on May 18, 2016.
             Was a High Priest of Trog.
             Slain by a four-headed hydra (5 damage)
             ... on level 1 of the Lair of Beasts.
             The game lasted 00:30:03 (9566 turns).

Shtopit the Blocker (Gargoyle Berserker)            Turns: 9566, Time: 00:30:05

Health: 0/68       AC: 30    Str: 25    XL:     11   Next: 35%
Magic:  12/12      EV:  9    Int:  7    God:    Trog [*****.]
Gold:   434        SH:  8    Dex:  9    Spells: 0 memorised, 10 levels left

rFire  . . .     SeeInvis .     A - +1 whip (flame)
rCold  . . .     Gourm    .     K - +0 plate armour
rNeg   + . .     Faith    +     L - +2 buckler
rPois  ∞         Spirit   .     x - +2 hat {MR+}
rElec  +         Dismiss  .     M - +0 cloak
rCorr  .         Reflect  .     R - +1 pair of gloves
SustAt +         Harm     .     e - +2 pair of boots {Fly}
MR     +....                    n - amulet of faith
Stlth  ..........               (no ring)
                                y - ring of sustain attributes

@: exhausted, about to teleport, flying, slowed, very slow, somewhat resistant
to hostile enchantments, extremely unstealthy
A: negative energy resistance 1, electricity resistance, unbreathing,
petrification resistance, rot immunity, AC +7
a: Berserk, Trog's Hand, Brothers in Arms, Burn Spellbooks, Renounce Religion,
Stop Flying


You were on level 1 of the Lair of Beasts.
You worshipped Trog.
Trog was extremely pleased with you.
You were near starving.

You visited 2 branches of the dungeon, and saw 9 of its levels.

You collected 434 gold pieces.

Inventory:

Hand Weapons
 a - a +0 mace
 w - a +0 blowgun
 A - a +1 whip of flaming (weapon)
 C - a +0 flail
 N - a +0 morningstar
Missiles
 s - 4 javelins of returning (quivered)
 u - 33 poisoned needles
 P - 41 bolts
Armour
 e - a +2 pair of boots of flying (worn)
 r - a +0 large shield
 v - a +0 shield
 x - a +2 hat of magic resistance (worn)
 I - the +1 chain mail of Taloze {+Inv Str+3 Dex-5 Stlth+}
   (You found it on level 5 of the Dungeon)

   It affects your strength (+3).
   It affects your dexterity (-5).
   It lets you turn invisible.
   It makes you more stealthy.
 K - a +0 plate armour (worn)
 L - a +2 buckler (worn)
 M - a +0 cloak (worn)
 R - a +1 pair of gloves (worn)
 U - the +2 scale mail of Yredelemnul's Envy {rF+ rC+}
   (You found it on level 8 of the Dungeon)

   It protects you from fire.
   It protects you from cold.
Jewellery
 n - an amulet of faith (around neck)
 y - a ring of sustain attributes (left hand)
 D - a cursed amulet of inaccuracy {unknown}
Wands
 b - a wand of paralysis (8/24)
 l - a wand of iceblast (4/15)
 V - a wand of random effects (23/48)
 X - a wand of slowing (28/48)
Scrolls
 g - 2 scrolls of remove curse
 h - 2 scrolls of enchant armour
 j - a scroll of teleportation
 k - 6 scrolls of identify {unknown}
 o - a scroll of enchant weapon {unknown}
 t - 4 scrolls of magic mapping {unknown}
 G - a scroll of random uselessness {unknown}
 J - 3 scrolls of noise {unknown}
 O - a scroll of acquirement {unknown}
 W - a scroll of blinking {unknown}
Potions
 d - a potion of ambrosia {unknown}
 m - 2 potions of might
 q - a potion of magic
 z - 2 potions of berserk rage {unknown}
 B - 2 potions of agility {unknown}
 E - 3 potions of brilliance {unknown}
 F - a potion of flight {unknown}
 H - 2 potions of lignification {unknown}
 S - 4 potions of curing
 T - 2 potions of cancellation {unknown}
Comestibles
 c - a bread ration
 f - 4 chunks of flesh
 i - a fruit


   Skills:
 + Level 8.2 Fighting
 + Level 7.7 Maces & Flails
 + Level 1.5 Throwing
 + Level 8.5 Armour
 + Level 6.5 Dodging
 - Level 1.2 Stealth
 + Level 9.8 Shields
 * Level 1.6 Evocations


You had 10 spell levels left.
You didn't know any spells.

Dungeon Overview and Level Annotations

Branches:
Dungeon (8/15)             Temple (0/1) D:6            Lair (1/8) D:8

Altars:
Cheibriados
Dithmenos
Makhleb
Okawaru
Qazlal
Ru
Trog
Vehumet
Xom
Zin
The Shining One

Shops:
D:6 ?   D:7 [

Annotations:
D:3 Sigmund


Innate Abilities, Weirdness & Mutations

You are resistant to torment.
Your stone body is resilient (AC +7).
You are immune to poison.
You resist negative energy.
You are resistant to electric shocks.
You can survive without breathing.
You are immune to petrification.
You are immune to rotting.


Message History

You kill the yak!
Trog accepts your kill. The four-headed hydra bites you.
* * * LOW HITPOINT WARNING * * *
The four-headed hydra bites you but does no damage.
You block the four-headed hydra's attack. x2
Read which item? (? for menu, Esc to quit)
As you read the scroll of teleportation, it crumbles to dust.
You feel strangely unstable.
You block the four-headed hydra's attack.
The four-headed hydra bites you but does no damage.
The four-headed hydra bites you.
* * * LOW HITPOINT WARNING * * *
The four-headed hydra bites you but does no damage.
The four-headed hydra bites you.
* * * LOW HITPOINT WARNING * * *
The four-headed hydra bites you but does no damage.
The four-headed hydra barely misses you.
The four-headed hydra bites you.
You die...

#.....>...............
.....8...8.............
.##.........##..#......
..#..#...##.....#....
...##.......###
.........#.#.#
#......##..# ##D.###....#
##@# ##...##### ###
######.†####...#.#.###.#
........................
.................(......
........................
.######....P.###(#####.#
########...###########.##
..Y.............)........
..YYY....................


You could see a four-headed hydra.

Vanquished Creatures
  Gastronok (D:8)
  Erolcha (D:7)
  Pikel (D:4)
  A black mamba (Lair:1)
  2 spiny frogs (Lair:1)
  Prince Ribbit (D:5)
  10 yaks (Lair:1)
  4 hippogriffs (Lair:1)
  2 water moccasins (Lair:1)
  A sky beast (D:5)
  An orc warrior (D:7)
  3 porcupines (Lair:1)
  A black bear (Lair:1)
  A phantom (D:5)
  3 ogres
  A centaur (D:6)
  2 big kobolds
  A giant frog (D:7)
  5 scorpions
  5 wights (D:7)
  3 howler monkeys
  A crimson imp (D:7)
  A quasit (D:6)
  2 orc priests
  3 hounds
  Ijyb (D:2)
  4 iguanas
  7 orc wizards
  7 worker ants
  Natasha (thrice) (D:4)
  A hell rat (Lair:1)
  A hound zombie (D:7)
  A hound skeleton (D:6)
  3 adders
  16 river rats (Lair:1)
  3 adder skeletons
  2 worms
  A dart slug (D:2)
  7 giant geckos
  29 orcs
  4 ball pythons
  6 giant cockroaches
  5 hobgoblins
  10 jackals
  13 kobolds
  3 quokkas
  9 bats
  A giant gecko zombie (D:7)
  5 giant newts
  6 goblins
  A quokka skeleton (D:8)
  9 rats
215 creatures vanquished.

Vanquished Creatures (others)
  2 adders (D:4)
  2 fungi (Lair:1)
  A plant (Lair:1)
5 creatures vanquished.

Grand Total: 220 creatures vanquished

Notes
Turn   | Place    | Note
--------------------------------------------------------------
     0 | D:1      | Shtopit the Gargoyle Berserker began the quest for the Orb.
     0 | D:1      | Reached XP level 1. HP: 14/14 MP: 1/1
   380 | D:1      | Reached XP level 2. HP: 18/19 MP: 2/2
  1004 | D:2      | Noticed Ijyb
  1011 | D:2      | Killed Ijyb
  1011 | D:2      | Reached XP level 3. HP: 24/24 MP: 3/3
  1014 | D:2      | Reached ** piety under Trog
  1024 | D:2      | Reached XP level 4. HP: 26/29 MP: 4/4
  1126 | D:2      | Found a stormy altar of Qazlal.
  1584 | D:2      | Found a burning altar of Makhleb.
  1584 | D:2      | Found a glowing silver altar of Zin.
  1587 | D:2      | Noticed an angel
  1587 | D:2      | Noticed a balrug
  1662 | D:2      | Reached *** piety under Trog
  2090 | D:3      | Noticed Sigmund
  2118 | D:3      | HP: 1/29 [something (3)]
  2478 | D:4      | Reached skill level 1 in Shields
  2478 | D:4      | Reached XP level 5. HP: 23/33 MP: 5/5
  2480 | D:4      | Reached skill level 2 in Shields
  2605 | D:4      | Found a snail-covered altar of Cheibriados.
  2702 | D:4      | Noticed a slave
  2702 | D:4      | Noticed a slave
  2703 | D:4      | Noticed Pikel
  2703 | D:4      | Noticed a slave
  2704 | D:4      | Noticed a slave
  2717 | D:4      | Killed Pikel
  2717 | D:4      | Reached skill level 1 in Stealth
  2717 | D:4      | Reached skill level 4 in Shields
  2717 | D:4      | Reached XP level 6. HP: 39/39 MP: 6/6
  2717 | D:4      | Reached XP level 7. HP: 44/44 MP: 7/7
  2821 | D:4      | Noticed Natasha
  2827 | D:4      | Killed Natasha
  3085 | D:4      | Noticed Natasha
  3096 | D:4      | Killed Natasha
  3096 | D:4      | Reached skill level 5 in Shields
  3110 | D:4      | Noticed Natasha
  3117 | D:4      | Killed Natasha
  3117 | D:4      | Reached **** piety under Trog
  3400 | D:5      | Entered Level 5 of the Dungeon
  3405 | D:5      | Got an aquamarine-encrusted chain mail
  3426 | D:5      | Identified the +1 chain mail of Taloze {+Inv Str+3 Dex-5 Stlth+} (You found it on level 5 of the Dungeon)
  3452 | D:5      | Noticed Prince Ribbit
  3537 | D:5      | Found a shadowy altar of Dithmenos.
  3538 | D:5      | Found a radiant altar of Vehumet.
  3858 | D:5      | Found a glowing golden altar of the Shining One.
  3858 | D:5      | Found a shimmering altar of Xom.
  4039 | D:5      | Reached XP level 8. HP: 43/48 MP: 8/8
  4358 | D:5      | Received a gift from Trog
  4365 | D:5      | Killed Prince Ribbit
  4365 | D:5      | Reached skill level 5 in Fighting
  4402 | D:5      | Reached skill level 5 in Armour
  4402 | D:5      | Reached skill level 6 in Shields
  4815 | D:5      | Reached skill level 5 in Maces & Flails
  5103 | D:5      | Found a bloodstained altar of Trog.
  5104 | D:5      | Found an iron altar of Okawaru.
  5503 | D:6      | Found Qis Dan's Magic Scroll Shoppe.
  5748 | D:6      | Found a sacrificial altar of Ru.
  5767 | D:6      | Found a staircase to the Ecumenical Temple.
  6123 | D:7      | Reached XP level 9. HP: 55/55 MP: 9/9
  6151 | D:7      | Reached skill level 7 in Shields
  6336 | D:7      | Reached ***** piety under Trog
  7048 | D:7      | Found Liru's Antique Armour Boutique.
  7388 | D:8      | Noticed Erolcha
  7410 | D:8      | Got a fine scale mail
  7421 | D:8      | Identified the +2 scale mail of Yredelemnul's Envy {rF+ rC+} (You found it on level 8 of the Dungeon)
  7436 | D:7      | Killed Erolcha
  7436 | D:7      | Reached skill level 8 in Shields
  7556 | D:8      | Found a staircase to the Lair.
  7622 | D:8      | Reached XP level 10. HP: 63/63 MP: 10/10
  7644 | D:8      | Noticed Gastronok
  8193 | D:8      | Killed Gastronok
  8193 | D:8      | Reached skill level 1 in Throwing
  8193 | D:8      | Reached skill level 5 in Dodging
  8193 | D:8      | Reached skill level 9 in Shields
  8299 | Lair:1   | Entered Level 1 of the Lair of Beasts
  8346 | Lair:1   | Noticed a black mamba
  8354 | Lair:1   | Paralysed by fainting for 7 turns
  8375 | Lair:1   | Killed a black mamba
  8470 | Lair:1   | Noticed a spiny frog
  8476 | Lair:1   | Noticed a spiny frog
  8490 | Lair:1   | Killed a spiny frog
  8537 | Lair:1   | Killed a spiny frog
  8537 | Lair:1   | Reached XP level 11. HP: 12/68 MP: 11/11
  8558 | Lair:1   | HP: 1/68 [yak (5)]
  9521 | Lair:1   | Reached skill level 1 in Evocations
  9547 | Lair:1   | Noticed a four-headed hydra
  9566 | Lair:1   | Slain by a four-headed hydra

Skill      XL: |  1  2  3  4  5  6  7  8  9 10 11 |
---------------+----------------------------------+-----
Fighting       | 4 5 7 8 |  8.2
Dodging        | 2 3 5 6 |  6.5
Shields        | 1 4 5 6 8 9 |  9.8
Maces & Flails | 4 5 6 7 |  7.7
Armour         | 3 4 5 7 8 |  8.5
Stealth        | 1 |  1.2
Throwing       | 1 |  1.5
Evocations     | 1 |  1.6

Action                   |  1- 3 |  4- 6 |  7- 9 | 10-12 || total
-------------------------+-------+-------+-------+-------++-------
Melee: Mace              |    66 |   214 |       |       ||   280
       Whip              |       |       |   689 |   468 ||  1157
 Fire: Blowgun           |       |       |       |     9 ||     9
Invok: Berserk           |     1 |     2 |     5 |     4 ||    12
       Trog's Hand       |       |       |       |     2 ||     2
       Brothers in Arms  |       |       |       |     1 ||     1
  Use: Potion            |       |     1 |     4 |     2 ||     7
       Scroll            |       |       |       |     6 ||     6
 Stab: Sleeping          |     1 |       |       |       ||     1
  Eat: Chunk             |       |     5 |    20 |     2 ||    27
       Pizza             |       |     1 |       |       ||     1
       Beef jerky        |       |     1 |       |       ||     1
       Royal jelly       |       |       |     1 |       ||     1
       Bread ration      |       |       |       |     2 ||     2
Armor: Animal skin       |    22 |       |       |       ||    22
       Ring mail         |    20 |    65 |       |       ||    85
       Chain mail        |       |   159 |    37 |       ||   196
       Plate armour      |       |       |   312 |    88 ||   400
       Scale mail        |       |       |    13 |   210 ||   223
Dodge: Dodged            |    54 |   105 |   181 |   242 ||   582
Block: Large shield      |       |    89 |       |       ||    89
       Shield            |       |    49 |    86 |       ||   135
       Buckler           |       |       |   138 |   189 ||   327
